 Dungeon Crawl Stone Soup version 0.32-a0-768-g0f6f1dd4b9 (webtiles) character file.

Game seed: 9725032845134076407

266 Fodor the Chopper (level 6, -4/55 HPs)
             Began as a Minotaur Fighter on Mar 18, 2024.
             Killed by nerve-wracking pain
             ... invoked by Grinder
              (13 damage)
             ... on level 3 of the Dungeon.
             The game lasted 00:05:18 (1808 turns).

Fodor the Chopper (Minotaur Fighter)                Turns: 1808, Time: 00:05:18

Health: -4/55      AC:  9    Str: 22    XL:     6   Next: 0%
Magic:  5/5        EV: 12    Int:  5    God:
Gold:   63         SH:  4    Dex: 10    Spells: 5/5 levels left

rFire   . . .        a - +0 war axe
rCold   . . .        c - +0 buckler
rNeg    . . .        b - +0 chain mail
rPois   .            (helmet restricted)
rElec   .            (no cloak)
rCorr   .            (no gloves)
SInv    .            (no boots)
Will    .....        (no amulet) Stlth
                     l - +5 ring of evasion
HPRegen 0.29/turn    (no ring)
MPRegen 0.09/turn

%: no passive effects
@: mighty, very slow
A: horns 2, retaliatory headbutt
a: no special abilities


You were on level 3 of the Dungeon.
You visited 1 branch of the dungeon, and saw 3 of its levels.
You also visited: Sewer.

You collected 63 gold pieces.

Inventory:

Hand Weapons
 a - a +0 war axe (weapon)
Armour
 b - a +0 chain mail (worn)
 c - a +0 buckler (worn)
 k - a +0 plate armour
Jewellery
 l - a +5 ring of evasion (left hand)
Scrolls
 e - a scroll of brand weapon {unknown}
 f - 2 scrolls of identify {unknown}
 h - a scroll of amnesia {unknown}
 j - a scroll of immolation {unknown}
 m - a scroll of enchant weapon {unknown}
 o - a scroll of silence {unknown}
 p - a scroll of fog {unknown}
 r - a scroll of blinking {unknown}
Potions
 g - 2 potions of attraction {unknown}
 i - a potion of brilliance {unknown}
 n - a potion of cancellation {unknown}
 q - a potion of haste {unknown}
 s - a potion of resistance {unknown}
 t - a potion of heal wounds {unknown}


   Skills:
 + Level 4.9 Fighting
 + Level 5.4 Axes
 + Level 4.8 Armour
 + Level 0.9 Dodging
 + Level 4.2 Shields


You had 5 spell levels left.
You didn't know any spells.
Your spell library contained the following spells:

 Spells                   Type           Power      Damage    Failure   Level
 Mercury Vapours          Alch/Air       0%         N/A       99%         2
 Mephitic Cloud           Conj/Alch/Air  0%         N/A       100%        3
 Stone Arrow              Conj/Erth      0%         3d7       100%        3
 Animate Armour           Summ/Erth      0%         N/A       100%        4
 Freezing Cloud           Conj/Ice/Air   0%         6-21      100%        5
 Lehudib's Crystal Spear  Conj/Erth      0%         10d2      100%        8


Dungeon Overview and Level Annotations

Branches:
Dungeon (3/15)              Sewer (visited)

Altars:

Annotations:
D:3 Grinder


Innate Abilities, Weirdness & Mutations

You have a pair of horns on your head.
You reflexively headbutt those who attack you in melee.


Message History

Grinder is moderately wounded.
Grinder gestures at you. Pain shoots through your body!
You slash Grinder! Your headbutt misses Grinder.
Grinder is severely wounded.
Grinder hits you. Grinder hits you!
* * * LOW HITPOINT WARNING * * *
Unknown command.
You feel very mighty all of a sudden.
Grinder blinks!
Grinder blinks!
You closely miss Grinder.
Grinder is severely wounded.
Grinder hits you but does no damage.
You closely miss Grinder.
Grinder is severely wounded.
Grinder blinks!
Grinder gestures at you.
You barely resist. Grinder gestures at you.
You suddenly lose the ability to move!
Grinder blinks!
You can move again.
Grinder gestures at you. Pain shoots through your body!
* * * LOW HITPOINT WARNING * * *
Grinder blinks!
You enter the shallow water.
Moving in this stuff is going to be slow.
You block Grinder's attack.
Your unstable footing causes you to fumble your attack.
Grinder closely misses you.
Your unstable footing causes you to fumble your attack.
Grinder closely misses you. You furiously retaliate!
You headbutt Grinder! You closely miss Grinder. Your headbutt misses Grinder.
Grinder is almost dead.
Grinder gestures at you. Pain shoots through your body!
You die...
Grinder says, "Hey, I wasn't done torturing you yet!"

############# ####
.........†....
###...############.#######.#####
....#...........#..## #.#
#....####.........# #.#
#...............######>#
##...##...~@~........#.#
##......~~5~~.........#
#...##..~~.†~.....#.#.#####
#....##..~~~†~..>#.#.#......
....#.##...~~~........#####.#
######............##.###
###..........#.§..
##########........ ###.######


You could see Grinder.

Vanquished Creatures
  A kobold brigand (Sewer)
  An orc wizard (D:2)
  4 river rats (Sewer)
  4 adders
  A dart slug (D:1)
  3 orcs (D:2)
  5 endoplasms
  2 giant cockroaches
  4 goblins
  7 hobgoblins
  4 jackals (D:2)
  18 kobolds
  8 ball pythons
  5 bats
  4 frilled lizards
  26 rats
97 creatures vanquished.

Notes
Turn   | Place    | Note
-------+----------+-------------------------------------------
     0 | D:1      | Fodor the Minotaur Fighter began the quest for the Orb.
     0 | D:1      | Reached XP level 1. HP: 19/19 MP: 0/0
    79 | D:1      | Reached XP level 2. HP: 27/27 MP: 1/1
   546 | D:1      | Reached XP level 3. HP: 33/33 MP: 2/2
   672 | D:2      | Reached skill level 3 in Axes
   723 | D:2      | Reached XP level 4. HP: 40/40 MP: 3/3
   773 | D:2      | Reached skill level 4 in Axes
  1140 | D:3      | Noticed Grinder
  1147 | D:3      | Found a glowing drain.
  1156 | Sewer    | Entered a sewer
  1250 | Sewer    | Reached XP level 5. HP: 47/47 MP: 4/4
  1333 | Sewer    | Reached skill level 5 in Axes
  1760 | D:3      | Reached XP level 6. HP: 55/55 MP: 5/5
  1762 | D:3      | Paralysed by Grinder for 5 turns
  1773 | D:3      | Paralysed by Grinder for 5 turns
  1794 | D:3      | Paralysed by Grinder for 4 turns
  1808 | D:3      | Killed from afar by Grinder

Illustrated notes

Levels and vault maps discovered:
D:1:      dpeg_arrival_arbitrary_b, layout_basic, minmay_misc_feat_x,
          chequers_avenue
D:2:      layout_basic, serial_park_tiny_pond
D:3:      layout_loops_ring, lemuel_coloured_pillars_altar,
          portal_sewer_entry_a, minmay_misc_feat_ornament, nicolae_eternal_life,
          chequers_serial_rivers_small_3, hex_tiny, hangedman_decor_push,
          uniq_natasha, uniq_sigmund, uniq_grinder

Skill      XL: |  1  2  3  4  5 |
---------------+----------------+-----
Fighting       | 4 |  4.9
Shields        | 4 |  4.2
Armour         | 4 |  4.8
Axes           | 3 4 5 |  5.4
Dodging        | |  0.9

Action                     |  1- 3 |  4- 6 || total
---------------------------+-------+-------++-------
  Melee: War axe           |    68 |    96 ||   164
         Headbutt          |     7 |    10 ||    17
    Use: Potion            |       |     1 ||     1
 Armour: Scale mail        |    51 |     4 ||    55
         Chain mail        |       |    74 ||    74
  Dodge: Dodged            |    31 |    90 ||   121
  Block: Buckler           |    16 |    24 ||    40

Table legend: (Time is in decaauts)
 A = Elapsed time spent in this place.
 B = Non-inter-level travel time spent in this place.
 C = Inter-level travel time spent in this place.
 D = Time resting spent in this place.
 E = Time spent auto-exploring this place.
 F = Levels seen in this place.
 G = Mean time per level.
                   A        B        C        D        E       F      G
               +--------+--------+--------+--------+--------+-----+--------+
         Total |   1877 |   1831 |     46 |    200 |    863 |   4 |  469.2 |
       Dungeon |   1247 |   1201 |     46 |      0 |    672 |   3 |  415.7 |
         Sewer |    629 |    629 |      0 |    200 |    191 |   1 |  629.0 |
               +--------+--------+--------+--------+--------+-----+--------+

Top non-repeatable levels by time:
     D:1: 632 daAuts
   Sewer: 629 daAuts
     D:2: 516 daAuts
     D:3: 98 daAuts
